 Dungeon Crawl Stone Soup version 0.31.0-12-g77e489cdc1 (webtiles) character file.

Game seed: 13418536873175236873

1266 boopmooplesden the Twirler (level 8, -10/68 HPs)
             Began as a Minotaur Gladiator on Feb 11, 2024.
             Killed by divine providence
             ... invoked by an orc priest
              (12 damage)
             ... on level 6 of the Dungeon.
             The game lasted 00:07:02 (3960 turns).

boopmooplesden the Twirler (Minotaur Gladiator)     Turns: 3960, Time: 00:07:02

Health: -10/68     AC:  9    Str: 21    XL:     8   Next: 27%
Magic:  7/7        EV: 11    Int:  5    God:
Gold:   256        SH:  0    Dex: 12    Spells: 7/7 levels left

rFire   + . .        f - +13 scythe of Curses {drain, curses, ^Drain}
rCold   . . .        (shield currently unavailable)
rNeg    . . .        h - +0 scale mail
rPois   .            c - +1 hat
rElec   .            (no cloak)
rCorr   .            (no gloves)
SInv    .            i - +0 pair of boots
Will    .....        (no amulet) Stlth
                     n - ring of protection from fire
HPRegen 0.31/turn    o - ring of flight
MPRegen 0.10/turn

%: no passive effects
@: flying
A: horns 2, retaliatory headbutt
a: no special abilities


You were on level 6 of the Dungeon.
You visited 1 branch of the dungeon, and saw 6 of its levels.

You collected 256 gold pieces.

Inventory:

Hand Weapons
 a - a +0 quarterstaff
 f - the +13 scythe of Curses (weapon) {drain, curses, ^Drain}
   (You acquired it on level 3 of the Dungeon)

   ^Drain:    It drains your maximum health when unequipped.
 u - the +7 mace of the Rotten God {holy, rC++ Dex+3}
   (You found it on level 3 of the Dungeon)

   Dex+3:     It affects your dexterity (+3).
   rC++:      It greatly protects you from cold.
Missiles
 d - a throwing net (quivered)
 e - a javelin
Armour
 c - a +1 hat (worn)
 h - a +0 scale mail (worn)
 i - a +0 pair of boots (worn)
Jewellery
 b - a ring of see invisible
 n - a ring of protection from fire (left hand)
 o - a ring of flight (right hand)
 w - a ring of resist corrosion
Talismans
 j - a flux talisman
 p - a granite talisman
 s - a flux talisman
Wands
 v - a wand of roots (7)
 z - a wand of charming (8)
 C - a wand of polymorph (9)
Scrolls
 g - 4 scrolls of teleportation
 m - 3 scrolls of immolation
 r - a scroll of vulnerability {unknown}
 y - a scroll of enchant armour
 A - a scroll of enchant weapon {unknown}
 B - a scroll of identify {unknown}
 D - a scroll of blinking {unknown}
Potions
 k - 3 potions of curing
 l - a potion of cancellation {unknown}
 q - a potion of enlightenment {unknown}
 t - 2 potions of haste {unknown}
 x - a potion of mutation {unknown}
 E - 2 potions of attraction {unknown}


   Skills:
 + Level 5.2 Fighting
 + Level 6.1(7.6) Polearms
 + Level 6.9(8.0) Staves
 + Level 2.4 Throwing
 + Level 4.7 Armour
 + Level 5.0 Dodging
 + Level 0.7 Stealth


You had 7 spell levels left.
You didn't know any spells.
Your spell library was empty.

Dungeon Overview and Level Annotations

Branches:
Dungeon (6/15)
 Temple: D:4-7

Altars:
Makhleb
Yredelemnul

Shops:
D:2 !


Innate Abilities, Weirdness & Mutations

You have a pair of horns on your head.
You reflexively headbutt those who attack you in melee.


Message History

The yak is moderately wounded.
The yak misses you. You furiously retaliate!
You headbutt the yak. The yak gores you but does no damage.
You closely miss the yak. You headbutt the yak!
The yak is heavily wounded.
The yak gores you.
You barely miss the yak. You headbutt the yak!
The yak is severely wounded.
The yak gores you!
* * * LOW HITPOINT WARNING * * *
The yak gores you.
* * * LOW HITPOINT WARNING * * *
You puncture the yak!
You kill the yak!
The yak closely misses you.
Your base Polearms skill increases to level 6!
Your Dodging skill increases to level 5!
You barely miss the yak. The yak gores you!
* * * LOW HITPOINT WARNING * * *
You reach down and open the door.
The yak gores you.
* * * LOW HITPOINT WARNING * * *
Found a runed flail.
There is an open door here.
Unknown command.
As you read the scroll of teleportation, it crumbles to dust.
You feel strangely unstable. The yak barely misses you.
The yak attacks as it pursues you! The yak gores you but does no damage.
An orc and an orc priest come into view.
The orc priest shouts!
An orc comes into view. It is wielding a +0 whip.
An orc comes into view. It is wielding a +0 whip.
Found a scroll labelled FIXOLO RIOBEQ.
Found a stone staircase leading down.
Your surroundings suddenly seem different. 2 orcs, an orc priest and an adder come into view.
An orc is wielding a +0 dagger and wearing a +1 chain mail of fire resistance.
Found 4 gold pieces.
The orc shouts! x2; The orc priest shouts!
The adder hisses angrily.
The orc priest mumbles some strange prayers to Beogh against you.
Beogh smites you!
You die...

#### . #... ...
..##...####..$.
..........S....
#...@o.o..$.
###.........
#.......$.
#.o....... .
#.......$. ###.
#.....##.# #Y.
####### . #Y#Y
#.#. #.#.


You could see an orc priest, an adder and 2 orcs.

Vanquished Creatures
  Sigmund (D:2)
  2 yaks (D:6)
  A black bear (D:5)
  An ice beast (D:4)
  2 phantoms (D:6)
  2 scorpions (D:5)
  2 orc priests
  A hound (D:5)
  2 orc wizards
  A hound skeleton (D:3)
  A howler monkey zombie (D:3)
  7 adders
  A white imp (D:4)
  An adder zombie (D:3)
  A ribbon worm (D:5)
  A dart slug (D:4)
  33 orcs
  3 ball pythons
  10 endoplasms
  4 giant cockroaches
  6 hobgoblins
  7 kobolds
  2 quokkas
  A ball python zombie (D:3)
  5 bats
  4 frilled lizards
  7 goblins
  3 rats
112 creatures vanquished.

Notes
Turn   | Place    | Note
-------+----------+-------------------------------------------
     0 | D:1      | boopmooplesden the Minotaur Gladiator began the quest for
                  | the Orb.
     0 | D:1      | Reached XP level 1. HP: 18/18 MP: 0/0
    24 | D:1      | You fall into a shaft and drop 1 floor!
    37 | D:2      | Reached XP level 2. HP: 24/25 MP: 1/1
    94 | D:2      | Noticed Sigmund
   115 | D:1      | Found a faded altar of an unknown god.
   762 | D:2      | Reached XP level 3. HP: 27/30 MP: 2/2
   791 | D:2      | Found Idoh's Distillery.
   988 | D:2      | Killed Sigmund
   989 | D:2      | Reached skill level 5 in Staves
   989 | D:2      | Reached skill level 1 in Armour
   989 | D:2      | Reached XP level 4. HP: 38/38 MP: 3/3
   989 | D:2      | Reached XP level 5. HP: 45/45 MP: 4/4
  1102 | D:2      | Found a basalt altar of Yredelemnul.
  1237 | D:3      | Reached XP level 6. HP: 51/51 MP: 5/5
  1918 | D:3      | Identified the +7 mace of the Rotten God {holy, rC++ Dex+3}
  2386 | D:3      | Identified a scroll of acquirement
  2386 | D:3      | Acquired the +13 scythe of Curses {drain, curses, ^Drain}
  2386 | D:3      | Found the +13 scythe of Curses {drain, curses, ^Drain}
  2921 | D:4      | Noticed an ice beast
  2926 | D:4      | Killed an ice beast
  3052 | D:4      | Reached skill level 1 in Polearms
  3123 | D:5      | Entered Level 5 of the Dungeon
  3188 | D:5      | Reached XP level 7. HP: 55/59 MP: 6/6
  3516 | D:5      | Found a burning altar of Makhleb.
  3931 | D:6      | Noticed a yak
  3935 | D:6      | Noticed a yak
  3936 | D:6      | Killed a yak
  3938 | D:6      | Noticed a yak
  3939 | D:6      | Noticed a yak
  3939 | D:6      | Noticed a yak
  3940 | D:6      | Reached skill level 5 in Polearms
  3940 | D:6      | Reached XP level 8. HP: 40/67 MP: 7/7
  3949 | D:6      | Reached skill level 5 in Fighting
  3953 | D:6      | Reached skill level 5 in Dodging
  3953 | D:6      | HP: 3/68 [yak (10)]
  3954 | D:6      | HP: 1/68 [yak (3)]
  3960 | D:6      | Killed from afar by an orc priest

Illustrated notes

Levels and vault maps discovered:
D:1:      scummos_arrival_simple_fountains, layout_loops_ring,
          shapermc_ecumenical_altar_notcrosses, minmay_unequal
D:2:      layout_rooms, basic_altar, serial_shops, shop, uniq_sigmund
D:3:      minmay_razor_zed, layout_rooms, serial_undead, serial_undead_d,
          serial_undead_e, serial_undead_d, serial_undead_e, serial_undead_c,
          roderic_lattice_a, hangedman_decor_growths, serial_bayou_ford_a
D:4:      layout_loops_ring, hangedman_decor_opposing,
          hangedman_decor_peaks_small
D:5:      layout_loops_ring, amcnicky_altar_gilded
D:6:      layout_basic, grunt_gozag_breadcrumbs, serial_shops,
          nicolae_shop_mannequins

Skill      XL: |  1  2  3  4  5  6  7  8 |
---------------+-------------------------+-----
Staves         | 4 5 6 |  6.9
Dodging        | 4 5 |  5.0
Fighting       | 3 4 5 |  5.2
Armour         | 1 2 3 4 |  4.7
Polearms       | 1 5 6 |  6.1
Throwing       | |  2.4
Stealth        | |  0.7

Action                     |  1- 3 |  4- 6 |  7- 9 || total
---------------------------+-------+-------+-------++-------
  Melee: Quarterstaff      |    42 |   102 |       ||   144
         Headbutt          |     7 |    10 |     6 ||    23
         Scythe            |       |    17 |    49 ||    66
  Throw: Throwing net      |     1 |     2 |       ||     3
    Use: Scroll            |       |     6 |     1 ||     7
         Potion            |       |     1 |     1 ||     2
   Stab: Held in net/web   |     1 |       |       ||     1
 Armour: Leather armour    |    12 |       |       ||    12
         Scale mail        |    12 |    94 |    50 ||   156
  Dodge: Dodged            |    28 |    64 |    36 ||   128
